AoeStats
← rafaelarpad

Migration

508725650Analyzed
1v1 RM · 8d ago on Sep 23, 2026· 32m 49s· 2 players
Game mode
Random Map
Map size
132×132
Population
200
Speed
Normal
Resources
Standard
Victory
Conquest
Starting age
Dark Age
Ending age
Imperial Age
RankedLock teamsTeams togetherTeam positionsShared explorationLock speedFull tech treeHidden civsTurbo modeCheats
Victory
Defeat
🇨🇭 Byzantines · Switzerland
1000
+15
🇲🇽 Wu · Mexico
980
-15
Chisto
11:00 Feudal Age
11:41 Double-Bit Axe
11:39 Fishing Lines
12:51 Wheelbarrow
20:39 Castle Age
21:02 Fletching
26:16 Imperial Age
rafaelarpad
14:41 Feudal Age
15:06 Fishing Lines
15:52 Double-Bit Axe
19:29 Castle Age
17:40 Gold Mining
18:09 Fletching
19:07 Stone Mining
20:34 Medium Warships
20:36 Loom
21:06 Bow Saw
24:28 Gold Shaft Mining
26:38 Wheelbarrow
26:09 Horse Collar
31:11 Imperial Age
28:59 Hand Cart
30:23 Scale Barding Armor
32:09 Bodkin Arrow
Connection lost

Rejoining the realm…

Still unreachable

The connection could not be restored.

Session expired

The server has moved on; the page needs a fresh start.